 Dungeon Crawl Stone Soup version 0.19-a0-1260-gc94d3f7 (webtiles) character file.

742 Vasilisck the Skirmisher (level 7, -11/63 HPs)
             Began as a Hill Orc Fighter on Aug 28, 2016.
             Was a Follower of Okawaru.
             Mangled by an ogre
             ... wielding a cursed +0 giant club
              (18 damage)
             ... on level 5 of the Dungeon.
             The game lasted 00:11:49 (4445 turns).

Vasilisck the Skirmisher (Hill Orc Fighter)         Turns: 4445, Time: 00:11:49

Health: -11/63     AC: 14    Str: 21 (23) XL:     7   Next: 76%
Magic:  5/7        EV:  9    Int:  6 (8)  God:    Okawaru [*.....]
Gold:   185        SH: 12    Dex:  8 (10) Spells: 0 memorised, 6 levels left

rFire  . . .     SeeInvis .     a - +0 war axe
rCold  . . .     Gourm    +     n - +0 chain mail
rNeg   . . .     Faith    .     c - +0 shield
rPois  .         Spirit   .     k - +0 helmet
rElec  .         Dismiss  .     (no cloak)
rCorr  .         Reflect  .     f - +0 pair of gloves
MR     .....     Harm     .     (no boots)
Stlth  ..........               t - amulet of the gourmand
                                (no ring)
                                r - +2 ring of strength

@: lethally poisoned (-11 -> -13), heroism
A: no striking features
a: Heroism, Renounce Religion, Convert to Beogh


You were on level 5 of the Dungeon.
You worshipped Okawaru.
Okawaru was aware of your devotion.
You were hungry.

You visited 1 branch of the dungeon, and saw 5 of its levels.

You collected 185 gold pieces.

Inventory:

Hand Weapons
 a - a +0 war axe (weapon)
Armour
 b - a +0 scale mail
 c - a +0 shield (worn)
 f - a +0 pair of gloves (worn)
 k - a +0 helmet (worn)
 n - a +0 chain mail (worn)
Jewellery
 r - a +2 ring of strength (left hand)
 t - an amulet of the gourmand (around neck)
Scrolls
 j - a scroll of fog
 o - a scroll of blinking
 q - 5 scrolls of remove curse
 u - a scroll of identify
Potions
 d - a potion of ambrosia {unknown}
 e - a potion of lignification
 h - a potion of berserk rage {unknown}
 i - 3 potions of curing
 l - a potion of mutation {unknown}
 m - a potion of cancellation {unknown}
 s - a potion of degeneration
Comestibles
 g - a meat ration
 p - a bread ration


   Skills:
 + Level 6.1(11.1) Fighting
 + Level 5.9(10.9) Axes
 + Level 5.6(10.6) Armour
 + Level 5.6(10.6) Shields


You had 6 spell levels left.
You didn't know any spells.

Dungeon Overview and Level Annotations

Branches:
Dungeon (5/15)
 Temple: D:4-7

Altars:
Cheibriados
Dithmenos
Hepliaklqana
Kikubaaqudgha
Makhleb
Okawaru
Yredelemnul
Zin
The Shining One


Message History

You feel better. Something hits you but does no damage.
You are poisoned.
Okay, then.
You fail to use your ability.
You feel sick.
The orc priest shouts, "Surrender to Beogh and we'll let you live!"
The orc priest hits you but does no damage.
Something hits you but does no damage.
You gain the combat prowess of a mighty hero.
You block the orc priest's attack. Something hits you.
* * * LOW HITPOINT WARNING * * *
You closely miss the orc priest.
The orc priest is severely wounded.
The orc priest threatens, "By the altar or by the axe, you will meet Beogh!"
You slash something! Okawaru accepts your kill.
Reactivating autopickup.
You feel a bit more experienced.
Your shield and chain mail prevent you from hitting the ogre.
You feel sick. The ogre hits you with a giant club!!
You die...

.....#..# ###.#....#
.........# ......#.# #
#.##..#.#####.# #.
#.##..........# #
#.####.##.#..####..
#.##.......[.†[)o####...
......#..####.>@Ol...#
#.#...#..# #...###..#
##.#......# #..... #
....<....## #.<##.#
..##..#..# #..# .#.
.........#####..##....
.###..............)...
...........###.......#
#.##.###...#.........


You could see an ogre, an orc priest and a giant newt.

Vanquished Creatures
  Duvessa (D:4)
  A phantom (D:4)
  An ogre (D:4)
  Dowan (D:4)
  A giant frog zombie (D:5)
  A hound (D:4)
  4 orc priests
  An iguana (D:4)
  An orc wizard (D:5)
  A worker ant (D:4)
  Robin (D:2)
  4 adders
  An ooze (D:3)
  A worm (D:3)
  3 dart slugs
  2 giant geckos
  8 orcs
  8 bats
  9 giant cockroaches
  13 goblins
  14 hobgoblins
  9 jackals
  2 kobolds (D:3)
  A quokka (D:4)
  A ball python (D:2)
  4 giant newts
  7 rats
101 creatures vanquished.

Notes
Turn   | Place    | Note
-------+----------+-------------------------------------------
     0 | D:1      | Vasilisck the Hill Orc Fighter began the quest for the Orb.
     0 | D:1      | Reached XP level 1. HP: 19/19 MP: 1/1
   176 | D:1      | Reached XP level 2. HP: 18/27 MP: 2/2
   489 | D:1      | Reached skill level 4 in Fighting
   677 | D:2      | Noticed Robin
   679 | D:2      | Reached XP level 3. HP: 30/33 MP: 3/3
   693 | D:2      | Killed Robin
  1050 | D:2      | Reached XP level 4. HP: 38/40 MP: 4/4
  1108 | D:2      | Found an iron altar of Okawaru.
  1129 | D:2      | Became a worshipper of Warmaster Okawaru
  2094 | D:3      | HP: 2/41 [orc priest/divine providence (9)]
  2103 | D:3      | Reached XP level 5. HP: 13/47 MP: 5/5
  2527 | D:3      | Found a basalt altar of Yredelemnul.
  2536 | D:3      | Found a glowing golden altar of the Shining One.
  2538 | D:3      | Noticed an angel
  2546 | D:3      | HP: 2/47 [something (18)]
  3165 | D:4      | Reached XP level 6. HP: 53/55 MP: 6/6
  3167 | D:4      | Reached skill level 5 in Fighting
  3236 | D:4      | Found a burning altar of Makhleb.
  3262 | D:4      | Noticed a phantom
  3314 | D:4      | Killed a phantom
  3544 | D:4      | Found a glowing silver altar of Zin.
  3585 | D:4      | Noticed Duvessa
  3588 | D:4      | Noticed Dowan
  3599 | D:4      | Killed Duvessa
  3599 | D:4      | Reached * piety under Okawaru
  3599 | D:4      | Reached skill level 5 in Axes
  3599 | D:4      | Reached skill level 5 in Armour
  3599 | D:4      | Reached skill level 5 in Shields
  3607 | D:4      | Killed Dowan
  3607 | D:4      | Reached XP level 7. HP: 39/61 MP: 7/7
  3804 | D:4      | Found a hazy altar of Hepliaklqana.
  3806 | D:4      | Found a shadowy altar of Dithmenos.
  4347 | D:5      | Entered Level 5 of the Dungeon
  4376 | D:5      | Found an ancient bone altar of Kikubaaqudgha.
  4408 | D:5      | Found a snail-covered altar of Cheibriados.
  4424 | D:5      | Reached skill level 6 in Fighting
  4441 | D:5      | HP: 2/63 [poisoned by an orc wizard]
  4445 | D:5      | Mangled by an ogre

Vault maps used:
D:1:      dpeg_cavernosity
D:2:      old_standard_altar, uniq_robin
D:3:      grunt_temple_overflow_holy_war, first_bread
D:4:      bloody_makhleb, lemuel_coloured_pillars_altar,
          nicolae_overflow_hidden_temple, uniq_duvessa
D:5:      kiku_gazebo_garden_becter, cheibriados_altar_1

Skill      XL: |  1  2  3  4  5  6  7 |
---------------+----------------------+-----
Fighting       | 4 5 6 |  6.1
Axes           | 3 4 5 |  5.9
Armour         | 4 5 |  5.6
Shields        | 4 5 |  5.6

Action                   |  1- 3 |  4- 6 |  7- 9 || total
-------------------------+-------+-------+-------++-------
Melee: War axe           |   123 |   243 |    39 ||   405
Invok: Heroism           |       |       |     1 ||     1
  Use: Potion            |       |     2 |     2 ||     4
       Scroll            |       |     4 |     1 ||     5
  Eat: Bread ration      |       |     2 |       ||     2
       Chunk             |       |     1 |       ||     1
       Beef jerky        |       |       |     1 ||     1
Armor: Scale mail        |    62 |    34 |       ||    96
       Chain mail        |       |    84 |    36 ||   120
Dodge: Dodged            |    49 |    62 |    10 ||   121
Block: Shield            |    65 |   139 |    16 ||   220
